 Dungeon Crawl Stone Soup version 0.29-a0-982-gaed3a0c8d8 (webtiles) character file.

Game seed: 18132719900544235375

3580 Zonian the Chiller (level 9, -8/57 HPs)
             Began as a Demonspawn Ice Elementalist on Aug 1, 2022.
             Was a Follower of Okawaru.
             Mangled by a two-headed ogre
             ... wielding a +0 giant club
              (30 damage)
             ... on level 9 of the Dungeon.
             The game lasted 00:33:25 (16292 turns).

Zonian the Chiller (Demonspawn Ice Elementalist)   Turns: 16292, Time: 00:33:26

Health: -8/57      AC: 10    Str:  8    XL:     9   Next: 84%
Magic:  18/18      EV: 12    Int: 20    God:    Okawaru [*.....]
Gold:   520        SH:  4    Dex: 15    Spells: 9/20 levels left

rFire   . . .      SeeInvis .   o - +3 whip
rCold   . . .      Faith    .   (no shield)
rNeg    . . .      Spirit   .   p - +1 ring mail {rPois}
rPois   +          Reflect  .   (helmet restricted)
rElec   .          Harm     .   (no cloak)
rCorr   .          Rampage  .   (no gloves)
Will    .....                   (no boots)
Stlth   +++.......              E - amulet of magic regeneration
HPRegen 0.19/turn               l - +4 ring of protection
MPRegen 0.56/turn               (no ring)

@: freezing walls
A: antennae 2, hooves 1, foul stench 1, condensation shield
a: Renounce Religion, Heroism


You were on level 9 of the Dungeon.
You worshipped Okawaru.
Okawaru was aware of your devotion.
You visited 2 branches of the dungeon, and saw 10 of its levels.

You collected 520 gold pieces.

Inventory:

Hand Weapons
 d - a +0 sling of freezing
 e - a +0 short sword
 o - a +3 whip (weapon)
 s - a +2 falchion of flaming
 u - a +3 hand axe
 x - a +1 falchion of freezing
 F - a +0 short sword of protection
 G - a +1 dagger of venom
Missiles
 h - 20 poisoned darts
 q - 2 javelins
 t - 3 boomerangs
Armour
 a - a +0 robe
 j - a +2 ring mail of willpower
 p - a +1 ring mail of poison resistance (worn)
Magical Staves
 n - a staff of air
Jewellery
 f - a ring of fire
 l - a +4 ring of protection (left hand)
 E - an amulet of magic regeneration (around neck)
 H - a ring of poison resistance
Wands
 k - a wand of roots (15)
 v - a wand of flame (21)
 D - a wand of digging (7)
Scrolls
 m - a scroll of fear
 y - a scroll of teleportation
Potions
 b - a potion of magic
 c - a potion of curing
 g - 3 potions of attraction
 i - 2 potions of brilliance
 r - 3 potions of heal wounds
 w - a potion of mutation
 z - a potion of invisibility
 A - 2 potions of might
 B - a potion of haste
 C - 2 potions of lignification


   Skills:
 + Level 5.5 Ranged Weapons
 - Level 5.9 Dodging
 - Level 6.4 Stealth
 - Level 6.1 Spellcasting
 + Level 7.0 Ice Magic


You had 9 spell levels left.
You knew the following spells:

 Your Spells              Type           Power      Damage    Failure   Level
a - Freeze                Ice            100%       1d11      1%          1
b - Frozen Ramparts       Ice            68%        1d14      5%          3
c - Ozocubu's Armour      Ice            34%        N/A       5%          3
d - Hailstorm             Conj/Ice       20%        3d6       58%         4

Your spell library contained the following spells:

 Spells                   Type           Power      Damage    Failure   Level
 Corpse Rot               Necr/Pois/Air  6%         N/A       97%         4
 Dispel Undead            Necr           6%         3d8       97%         4
 Death Channel            Necr           Unusable   N/A       N/A         6

Dungeon Overview and Level Annotations

Branches:
Dungeon (9/15)             Temple (1/1) D:7
   Lair: D:8-11         Orc: D:9-12

Altars:
Ashenzari
Dithmenos
Fedhas
Gozag
Hepliaklqana
Kikubaaqudgha
Okawaru
Qazlal
Ru
Sif Muna
Trog
Uskayaw
Vehumet
Yredelemnul

Shops:
D:1 =   D:6 (

Annotations:
D:5 3 runed translucent doors, IndoAryan's ghost, novice HuFi


Innate Abilities, Weirdness & Mutations

You have a pair of antennae on your head.
You have large cloven feet.
You may rarely emit foul miasma when damaged in melee.
A meltable shield of frost defends you. (SH +4)


Message History

You kill the bullfrog!
Okawaru accepts your kill.
Your Ice Magic skill increases to level 7!
Unknown command.
Casting: Frozen Ramparts (dangerous; 5% risk of failure)
Confirm with . or Enter, or press ? or * to list all spells.
Okay, then.
Unknown command.
HP restored.
You see here a +0 helmet.
You sense a monster nearby.
A two-headed ogre comes into view.
It is wielding a +0 giant club and a +0 giant spiked club.
Unknown command.
Casting: Frozen Ramparts (dangerous; 5% risk of failure)
Confirm with . or Enter, or press ? or * to list all spells.
Casting: Frozen Ramparts (dangerous; 5% risk of failure)
Press: ? - help, Dir - look around, f - activate The walls around you are covered in ice.
You hear a roar!
A four-headed hydra comes into view.
The wall freezes the two-headed ogre!
The two-headed ogre barely misses you. You block the two-headed ogre's attack.
You fail to use your ability.
You hit the two-headed ogre.
You kick the two-headed ogre, but do no damage.
The two-headed ogre is moderately wounded.
The wall freezes the two-headed ogre.
You block the two-headed ogre's attack.
The two-headed ogre hits you with a +0 giant spiked club!!
You hit the two-headed ogre. Your kick misses the two-headed ogre.
The two-headed ogre is heavily wounded.
The wall freezes the four-headed hydra.
The four-headed hydra seems to slow down.
The wall freezes the two-headed ogre.
The two-headed ogre hits you with a +0 giant club!!
The two-headed ogre barely misses you.
You feel much better.
The wall freezes the two-headed ogre.
The two-headed ogre hits you with a +0 giant club!!
The two-headed ogre hits you with a +0 giant spiked club!!
Ouch! That really hurt!
You die...

#....####.))
##.....))..##
#.......####
#.......#
#.......#
########........#
#........######..
#.####..## #.
#..@....#
#.O####.# { #.D
#.# ##. #.#{ #.
#.# #. #.. #. #.
#.


You could see a four-headed hydra (slow) and a two-headed ogre.

Vanquished Creatures
  A wyvern (D:7)
  Menkaure (D:7)
  2 water moccasins
  An orc warrior (D:7)
  3 sky beasts
  3 ice beasts
  An ogre (D:4)
  3 black bears
  A centaur (D:8)
  A kobold brigand (D:7)
  Blork the orc (D:4)
  3 bullfrogs
  A necrophage (D:6)
  4 wights (D:8)
  2 scorpions
  2 howler monkeys (D:7)
  A gnoll bouda (D:7)
  7 hounds
  A jelly (D:6)
  9 orc priests
  2 iguanas
  12 orc wizards
  11 gnolls
  7 adders
  4 white imps
  An ufetubus (D:5)
  A dart slug (D:2)
  52 orcs
  9 ball pythons
  4 bats
  9 endoplasms
  3 giant cockroaches (D:3)
  3 goblins
  5 hobgoblins
  2 jackals (D:1)
  12 kobolds
  4 quokkas
  3 frilled lizards
  3 rats
  A spectral orc (D:6)
196 creatures vanquished.

Notes
Turn   | Place    | Note
-------+----------+-------------------------------------------
     0 | D:1      | Zonian the Demonspawn Ice Elementalist began the quest for
                  | the Orb.
     0 | D:1      | Reached XP level 1. HP: 13/13 MP: 3/3
    61 | D:1      | Found Edoufy's One-of-a-Kind Rings.
   386 | D:1      | Found a faded altar of an unknown god.
   490 | D:1      | Gained mutation: You may rarely emit foul miasma when
                  | damaged in melee. [demonic ancestry]
   490 | D:1      | Reached XP level 2. HP: 19/19 MP: 5/5
  1353 | D:1      | Reached XP level 3. HP: 20/24 MP: 6/6
  2380 | D:2      | Reached skill level 4 in Ice Magic
  2549 | D:2      | Gained mutation: A meltable shield of frost defends you.
                  | (SH +4) [demonic ancestry]
  2549 | D:2      | Reached XP level 4. HP: 30/30 MP: 7/7
  2596 | D:2      | Found an ancient bone altar of Kikubaaqudgha.
  3194 | D:3      | Found an ancient bone altar of Kikubaaqudgha.
  3508 | D:3      | Found a hazy altar of Hepliaklqana.
  3677 | D:4      | Noticed Blork the orc
  3715 | D:4      | Reached skill level 1 in Ranged Weapons
  3899 | D:4      | Discovered your monstrous ancestry.
  3899 | D:4      | Gained mutation: You have a pair of small antennae on your
                  | head. [demonic ancestry]
  3899 | D:4      | Reached XP level 5. HP: 20/35 MP: 9/9
  4512 | D:4      | Noticed an ogre
  4528 | D:4      | Killed an ogre
  4529 | D:4      | Gained mutation: You have a pair of antennae on your head.
                  | [demonic ancestry]
  4529 | D:4      | Reached XP level 6. HP: 41/41 MP: 4/10
  5025 | D:4      | Killed Blork the orc
  5285 | D:5      | Entered Level 5 of the Dungeon
  5584 | D:5      | Gained mutation: You have large cloven feet. [demonic
                  | ancestry]
  5584 | D:5      | Reached XP level 7. HP: 10/46 MP: 10/12
  6234 | D:4      | Learned a level 3 spell: Frozen Ramparts
  6238 | D:4      | Learned a level 3 spell: Ozocubu's Armour
  6442 | D:5      | Reached skill level 5 in Ice Magic
  7596 | D:5      | Reached XP level 8. HP: 42/52 MP: 7/14
  7680 | D:5      | Found a runed translucent gate.
  7680 | D:5      | Found a runed translucent gate.
  7681 | D:5      | Found a runed translucent gate.
  7682 | D:5      | Noticed IndoAryan's ghost (novice HuFi)
  7776 | D:6      | Found a sacrificial altar of Ru.
  8243 | D:6      | Found Homemmol's Weapon Shoppe.
  9515 | D:6      | Reached skill level 5 in Stealth
 10037 | D:6      | Found a basalt altar of Yredelemnul.
 10542 | D:7      | Noticed Menkaure
 10782 | D:7      | Reached skill level 5 in Spellcasting
 10782 | D:7      | Reached skill level 6 in Ice Magic
 10984 | D:7      | Reached skill level 5 in Dodging
 11396 | D:7      | Reached XP level 9. HP: 51/57 MP: 13/16
 11987 | D:7      | Killed Menkaure
 12468 | D:7      | Found a shimmering blue altar of Sif Muna.
 12710 | D:7      | Learned a level 4 spell: Hailstorm
 13016 | D:7      | Found a staircase to the Ecumenical Temple.
 13028 | Temple   | Entered the Ecumenical Temple
 13135 | Temple   | Became a worshipper of Warmaster Okawaru
 13627 | D:8      | Reached skill level 5 in Ranged Weapons
 14341 | D:8      | Noticed a cyclops
 16091 | D:9      | Reached * piety under Okawaru
 16247 | D:9      | Reached skill level 7 in Ice Magic
 16287 | D:9      | Noticed a two-headed ogre
 16288 | D:9      | Noticed a four-headed hydra
 16292 | D:9      | Mangled by a two-headed ogre

Illustrated notes

Levels and vault maps discovered:
D:1:      scummos_arrival_gate, layout_loops_corners,
          chequers_ecumenical_altar_simple_redux, nicolae_shop_unique_rings
D:2:      layout_loops_ring, basic_altar, nicolae_figureground_sparkle
D:3:      layout_rooms, mainiacjoe_overflow_alcove_4, marbit_many_paths,
          kennysheep_generic_room_9
D:4:      layout_loops_ring, uniq_blork_the_orc
D:5:      layout_gridville, ebering_ghost_rock_garden
D:6:      layout_layer_cave, yredelemnul_forgotten_temple_becter,
          nicolae_ru_sacrificial_ziggurat, serial_shops, nicolae_lakefront_shop
D:7:      layout_basic, kennysheep_orc_sif_temple,
          minmay_temple_entry_proselytizer, uniq_menkaure
D:8:      layout_basic, nicolae_overflow_hidden_temple, minmay_chambers_of_fives
D:9:      layout_loops_ring, chei_slow_surprise, mainiacjoe_overflow_boulevard,
          grunt_temple_overflow_champion_of_chaos, nicolae_transmutations_shop,
          uniq_grum
Temple:   nicolae_temple_two_arcs

Skill      XL: |  1  2  3  4  5  6  7  8  9 |
---------------+----------------------------+-----
Stealth        | 2 3 4 5 6 |  6.4
Dodging        | 2 3 4 5 |  5.9
Ice Magic      | 4 5 6 7 |  7.0
Ranged Weapons | 1 2 3 4 5 |  5.5
Spellcasting   | 3 4 5 6 |  6.1

Action                   |  1- 3 |  4- 6 |  7- 9 || total
-------------------------+-------+-------+-------++-------
Melee: Whip              |       |       |    80 ||    80
       Kick              |       |       |    31 ||    31
       Falchion          |       |       |    16 ||    16
       Punch             |       |       |     1 ||     1
 Fire: Sling             |   109 |   187 |   362 ||   658
 Cast: Freeze            |     6 |    23 |    17 ||    46
       Frozen Ramparts   |       |       |    33 ||    33
       Ozocubu's Armour  |       |       |     5 ||     5
Evoke: Wand              |       |       |    12 ||    12
  Use: Scroll            |       |    10 |    16 ||    26
       Potion            |       |       |     5 ||     5
 Stab: Sleeping          |       |       |     3 ||     3
Armor: Robe              |    11 |    33 |    51 ||    95
       Ring mail         |       |    30 |    12 ||    42
Dodge: Dodged            |    50 |    74 |   128 ||   252
Block: Other             |       |    27 |    41 ||    68

Table legend: (Time is in decaauts)
 A = Elapsed time spent in this place.
 B = Non-inter-level travel time spent in this place.
 C = Inter-level travel time spent in this place.
 D = Time resting spent in this place.
 E = Time spent auto-exploring this place.
 F = Levels seen in this place.
 G = Mean time per level.
                   A        B        C        D        E       F      G
               +--------+--------+--------+--------+--------+-----+--------+
         Total |  16490 |  16056 |    434 |   7683 |   5993 |  10 | 1649.0 |
       Dungeon |  16325 |  15898 |    427 |   7683 |   5849 |   9 | 1813.9 |
        Temple |    164 |    157 |      7 |      0 |    144 |   1 |  164.0 |
               +--------+--------+--------+--------+--------+-----+--------+

Top non-repeatable levels by time:
     D:7: 3224 daAuts
     D:6: 2536 daAuts
     D:4: 2402 daAuts
     D:8: 1965 daAuts
     D:1: 1903 daAuts
     D:5: 1898 daAuts
     D:2: 1137 daAuts
     D:3: 849 daAuts
     D:9: 408 daAuts
  Temple: 164 daAuts
